 Dungeon Crawl Stone Soup version 0.18.1-1-g2f07953 (webtiles) character file.

441 SoulRipperAdri the Skirmisher (level 6, -1/56 HPs)
             Began as a Minotaur Berserker on Aug 16, 2016.
             Was a Priest of Trog.
             Slain by a mummy (11 damage)
             ... in an ossuary.
             The game lasted 00:13:11 (3070 turns).

SoulRipperAdri the Skirmisher (Minotaur Berserker)  Turns: 3070, Time: 00:13:24

Health: -1/56      AC:  7    Str: 23    XL:     6   Next: 70%
Magic:  5/5        EV:  7    Int:  4    God:    Trog [***...]
Gold:   155        SH: 13    Dex: 10    Spells: 0 memorised, 5 levels left

rFire  . . .     SeeInvis .     a - +0 hand axe
rCold  . . .     Gourm    .     j - +0 ring mail
rNeg   . . .     Faith    .     q - +0 large shield (curse)
rPois  .         Spirit   .     (helmet restricted)
rElec  .         Dismiss  .     f - +0 cloak
rCorr  .         Reflect  .     (no gloves)
SustAt .         Harm     .     y - +1 pair of boots
MR     ++...                    (no amulet)
Stlth  +.........               (no ring)
                                o - -2 ring of protection (curse)

@: exhausted, regenerating, slowed, very slow, very resistant to hostile
enchantments, very unstealthy
A: retaliatory headbutt, horns 2
a: Berserk, Trog's Hand, Burn Spellbooks, Renounce Religion


You were in an ossuary.
You worshipped Trog.
Trog was most pleased with you.
You were very hungry.

You visited 1 branch of the dungeon, and saw 4 of its levels.
You also visited: Ossuary.

You collected 155 gold pieces.

Inventory:

Hand Weapons
 a - a +0 hand axe (weapon)
Armour
 b - a +0 animal skin
 f - a +0 cloak (worn)
 j - a +0 ring mail (worn)
 q - a cursed +0 large shield (worn)
 y - a +1 pair of boots (worn)
Jewellery
 o - a cursed -2 ring of protection (left hand)
 s - an uncursed amulet of harm
Wands
 t - a wand of random effects (27/48)
Scrolls
 d - a scroll of enchant armour {unknown}
 e - a scroll of enchant weapon {unknown}
 h - 5 scrolls of identify {unknown}
 i - 2 scrolls of magic mapping {unknown}
 k - a scroll of teleportation {unknown}
 p - a scroll of fear {unknown}
 v - a scroll of immolation {unknown}
 A - 2 scrolls of amnesia {unknown}
Potions
 l - a potion of haste {unknown}
 n - a potion of cure mutation {unknown}
 r - a potion of mutation {unknown}
 u - a potion of resistance {unknown}
 x - a potion of might {unknown}
Miscellaneous
 w - a plain deck of changes
Comestibles
 c - 2 bread rations
 g - 4 meat rations
 z - a beef jerky


   Skills:
 + Level 5.6 Fighting
 + Level 5.4 Axes
 + Level 4.1 Armour
 + Level 4.2 Dodging
 + Level 0.6 Stealth
 + Level 1.7 Shields


You had 5 spell levels left.
You didn't know any spells.

Dungeon Overview and Level Annotations

Branches:
Dungeon (4/15)             Temple (0/1) D:4

Altars:
Xom
Zin
The Shining One

Shops:
D:3 *


Innate Abilities, Weirdness & Mutations

You reflexively headbutt those who attack you in melee.
You have a pair of horns on your head.


Message History

You feel slightly more hungry. 2 mummies come into view.
The big kobold zombie hits you.
* * * LOW HITPOINT WARNING * * *
Drink which item? (? for menu, Esc to quit)
Okay, then.
Read which item? (? for menu, Esc to quit)
Okay, then.
Drink which item? (? for menu, Esc to quit)
It was a potion of curing.
You feel better. The mummy barely misses you. The mummy hits you!
* * * LOW HITPOINT WARNING * * *
You block the big kobold zombie's attack.
You hit the big kobold zombie. You hit the mummy but do no damage.
You barely miss the mummy.
You block the big kobold zombie's attack.
The mummy hits you!
* * * LOW HITPOINT WARNING * * *
The mummy hits you!
You die...

... #### ..
.... ##..## ...
...M##....##M..
...............
...............
#..............
#..MM....#
#.Z@...#
##....## #....#
#....# #....#
#....# #....#
#....# #....#


You could see 4 mummies and a big kobold zombie.

Vanquished Creatures
  Crazy Yiuf (D:3)
  A giant frog skeleton (D:4)
  2 orc priests
  An orc wizard (D:4)
  Terence (D:2)
  2 worker ants (D:4)
  A killer bee zombie (D:4)
  A big kobold zombie (Ossuary)
  2 mummies (Ossuary)
  4 adders
  2 gnolls (D:3)
  2 adder skeletons (D:4)
  2 dart slugs (D:1)
  5 giant geckos
  10 orcs
  2 ball pythons
  4 giant cockroaches
  6 goblins
  14 hobgoblins
  6 jackals
  7 kobolds
  3 quokkas
  A ball python skeleton (D:4)
  2 bats (D:2)
  A giant newt (D:3)
  2 gnoll zombies (Ossuary)
  A hobgoblin zombie (Ossuary)
  2 kobold zombies (Ossuary)
  An orc zombie (Ossuary)
  6 rats
95 creatures vanquished.

Notes
Turn   | Place    | Note
--------------------------------------------------------------
     0 | D:1      | SoulRipperAdri the Minotaur Berserker began the quest for the Orb.
     0 | D:1      | Reached XP level 1. HP: 19/19 MP: 0/0
    99 | D:1      | Reached XP level 2. HP: 16/27 MP: 1/1
   643 | D:1      | Reached XP level 3. HP: 33/33 MP: 2/2
  1007 | D:2      | Reached ** piety under Trog
  1038 | D:2      | Noticed Terence
  1047 | D:2      | Killed Terence
  1047 | D:2      | Reached XP level 4. HP: 29/41 MP: 3/3
  1169 | D:2      | Found a glowing golden altar of the Shining One.
  1374 | D:2      | Found a shimmering altar of Xom.
  1860 | D:3      | Found a glowing silver altar of Zin.
  1862 | D:3      | Found Zin's Purification Station.
  2015 | D:3      | Reached XP level 5. HP: 36/47 MP: 4/4
  2147 | D:3      | Reached *** piety under Trog
  2290 | D:3      | Noticed Crazy Yiuf
  2296 | D:3      | Killed Crazy Yiuf
  2590 | D:4      | Reached skill level 5 in Axes
  2601 | D:4      | Found a staircase to the Ecumenical Temple.
  2736 | D:4      | Reached skill level 5 in Fighting
  2736 | D:4      | Reached XP level 6. HP: 51/56 MP: 5/5
  2745 | D:4      | Reached skill level 1 in Shields
  3028 | D:4      | Found a sand-covered staircase.
  3037 | Ossuary  | Entered an ossuary
  3070 | Ossuary  | Slain by a mummy

Skill      XL: |  1  2  3  4  5  6 |
---------------+-------------------+-----
Fighting       | 4 5 |  5.6
Axes           | 4 5 |  5.4
Armour         | 3 4 |  4.1
Dodging        | 3 4 |  4.2
Shields        | 1 |  1.7
Stealth        | |  0.6

Action                   |  1- 3 |  4- 6 || total
-------------------------+-------+-------++-------
Melee: Hand axe          |    82 |   171 ||   253
       Headbutt          |    17 |    25 ||    42
Invok: Trog's Hand       |       |     3 ||     3
       Berserk           |       |     1 ||     1
  Use: Potion            |       |     1 ||     1
  Eat: Pizza             |       |     1 ||     1
       Bread ration      |       |     1 ||     1
       Beef jerky        |       |     1 ||     1
Armor: Animal skin       |     4 |       ||     4
       Ring mail         |    18 |    59 ||    77
Dodge: Dodged            |    54 |    61 ||   115
Block: Large shield      |       |    80 ||    80
